 Dungeon Crawl Stone Soup version 0.27.0-1-g7a089689b8 (webtiles) character file.

Game seed: 9065376313056537905

74700 Acheron the Grappler (level 15, -10/140 HPs)
             Began as a Troll Abyssal Knight on Aug 10, 2021.
             Was the Champion of Lugonu.
             Mangled by a naga warrior (27 damage)
             ... on level 1 of the Snake Pit on Aug 11, 2021.
             The game lasted 04:50:49 (23965 turns).

Acheron the Grappler (Troll Abyssal Knight)        Turns: 23965, Time: 04:50:49

Health: -10/140    AC:  9    Str: 24    XL:     15   Next: 7%
Magic:  20/20      EV:  9    Int:  8    God:    Lugonu [******]
Gold:   339        SH: 19    Dex: 14    Spells: 15/21 levels left

rFire    + + .     SeeInvis .     - Unarmed
rCold    + . .     Faith    .   N - +3 kite shield
rNeg     + . .     Spirit   .   M - +1 acid dragon scales
rPois    .         Reflect  +   (helmet restricted)
rElec    .         Harm     .   f - scarf {rC+ rF+}
rCorr    +         Rampage  .   (gloves unavailable)
Will     ++...                  (boots unavailable)
Stlth    ++........             d - amulet of reflection
HPRegen  1.33/turn              m - ring "Feclug" {rF+ Will+ rCorr}
MPRegen  0.17/turn              q - ring of positive energy

@: constricted
A: large, unfitting armour, claws 3, regeneration 1, shaggy fur 1, tough skin 1
a: Renounce Religion, Depart the Abyss, Bend Space, Banish, Corrupt, Enter the
Abyss, Brand Weapon With Distortion


You were on level 1 of the Snake Pit.
You worshipped Lugonu.
Lugonu was exalted by your worship.
You visited 5 branches of the dungeon, and saw 26 of its levels.
You visited the Abyss 1 time.
You also visited: Ossuary and Bailey.

You collected 1398 gold pieces.
You spent 1059 gold pieces at shops.

Inventory:

Hand Weapons
 a - the +8 glaive of the Guard {elec, spectral, AC+5}
   (You found it on level 10 of the Dungeon)

   It occasionally discharges a powerful burst of electricity upon striking a
   foe.
   When it strikes, its spirit leaps out and fights alongside the wielder.
   AC:        It affects your AC (+5).
 c - a +4 scimitar of flaming
 w - a +2 vorpal war axe
 C - a +2 trident of venom
 J - a +4 morningstar of protection
 L - the +10 falchion "Larok" {vorpal, Str+2}
   (You found it on level 11 of the Dungeon)

   It inflicts extra damage upon your enemies.
   Str:       It affects your strength (+2).
Missiles
 i - 148 stones
 k - 41 poisoned darts
 r - 2 datura-tipped darts
 v - 3 curare-tipped darts
 H - 26 large rocks (quivered)
 P - 2 boomerangs
Armour
 f - a scarf of resistance (worn)
 E - the +2 robe of the Sun {Rampage rN+}
   (You found it on level 7 of the Dungeon)

   rN:        It protects you from negative energy.
   Rampage:   It bestows one free step when moving towards enemies.
 M - +1 acid dragon scales (worn)
 N - a +3 kite shield (worn)
Jewellery
 d - an amulet of reflection (around neck)
 e - a +4 ring of evasion
 h - a +6 ring of intelligence
 m - the ring "Feclug" (left claw) {rF+ Will+ rCorr}
   (You bought it in a shop on level 13 of the Dungeon)

   [ring of willpower]

   rF:        It protects you from fire.
   rCorr:     It protects you from acid and corrosion.
   Will:      It increases your willpower.
 q - a ring of positive energy (right claw)
Wands
 o - a wand of acid (7)
 t - a wand of flame (33)
 u - a wand of paralysis (5)
 G - a wand of polymorph (6)
 O - a wand of mindburst (9)
 S - a wand of charming (12)
Scrolls
 b - 2 scrolls of fog
 p - 4 scrolls of teleportation
 s - a scroll of amnesia
 y - a scroll of blinking
 z - 10 scrolls of identify
 I - a scroll of summoning
 Q - a scroll of holy word
 T - 2 scrolls of fear
Potions
 g - 2 potions of magic
 j - a potion of curing
 l - 2 potions of might
 n - 2 potions of flight
 x - a potion of heal wounds
 A - 5 potions of lignification
 R - a potion of invisibility
Miscellaneous
 F - a condenser vane


   Skills:
 * Level 7.1 Fighting
 + Level 1.7 Long Blades
 + Level 2.8 Maces & Flails
 * Level 6.2 Throwing
 + Level 3.5 Armour
 * Level 7.7 Dodging
 + Level 4.5 Stealth
 - Level 9.0 Shields
 + Level 12.9 Unarmed Combat
 * Level 3.9 Spellcasting
 * Level 3.1 Transmutations
 + Level 5.8 Earth Magic
 * Level 8.0 Invocations
 * Level 3.5 Evocations


You had 15 spell levels left.
You knew the following spells:

 Your Spells              Type           Power      Damage    Failure   Level
a - Sandblast             Erth           20%        2d7       3%          1
b - Passwall              Tmut/Erth      6%         N/A       9%          2
c - Beastly Appendage     Tmut           12%        N/A       10%         1
d - Wereblood             Tmut           6%         N/A       16%         2

Your spell library contained the following spells:

 Spells                   Type           Power      Damage    Failure   Level
 Magic Dart               Conj           4%         1d3       36%         1
 Call Imp                 Summ           1%         N/A       50%         2
 Corpse Rot               Necr/Air       N/A        N/A       50%         2
 Poisonous Vapours        Pois/Air       2%         N/A       50%         2
 Slow                     Hex            1%         N/A       50%         2
 Sublimation of Blood     Necr           0%         N/A       50%         2
 Spider Form              Tmut/Pois      2%         N/A       50%         3
 Petrify                  Tmut/Erth      8%         N/A       50%         4
 Ignite Poison            Fire/Tmut/Pois 3%         N/A       56%         3
 Lee's Rapid Deconstruct  Erth           5%         3d7*      67%         5
 Call Canine Familiar     Summ           1%         N/A       73%         3
 Confusing Touch          Hex            1%         N/A       73%         3
 Conjure Flame            Conj/Fire      1%         6-21      73%         3
 Dazzling Flash           Conj/Hex       2%         N/A       73%         3
 Mephitic Cloud           Conj/Pois/Air  1%         N/A       73%         3
 Portal Projectile        Hex/Tloc       2%         N/A       73%         3
 Vampiric Draining        Necr           0%         2d6       73%         3
 Leda's Liquefaction      Hex/Erth       3%         N/A       73%         4
 Borgnjor's Vile Clutch   Necr/Erth      3%         N/A       97%         5
 Animate Dead             Necr           0%         N/A       98%         4
 Sticky Flame             Conj/Fire      1%         2d3       98%         4
 Irradiate                Conj/Tmut      2%         3d14      99%         5
 Agony                    Necr           1%         N/A       100%        5
 Freezing Cloud           Conj/Ice/Air   0%         6-21      100%        5
 Silence                  Hex/Air        0%         N/A       100%        5
 Death Channel            Necr           0%         N/A       100%        6
 Dispersal                Tloc           0%         N/A       100%        6
 Disjunction              Tloc           0%         N/A       100%        8
 Infestation              Necr           0%         N/A       100%        8


Dungeon Overview and Level Annotations

Branches:
Dungeon (15/15)            Temple (0/1) D:6            Lair (6/6) D:9
 Shoals (1/4) Lair:4        Snake (2/4) Lair:3        Slime (0/5) Lair:6
    Orc (2/2) D:12        Ossuary (visited)          Bailey (visited)
    Elf: Orc:2       Vaults: D:13-14     Depths: D:15

Altars:
Cheibriados
Dithmenos
Elyvilon
Makhleb
Ru
Sif Muna
Vehumet
Wu Jian
Xom
Zin
The Shining One

Shops:
D:4 *   D:9 *   D:10 !   D:13 =[*(!*

Annotations:
D:4 2 transporters, exclusion: downstairs, FIQ's ghost, weakling HODe
D:10 exclusion: 2 downstairs
D:13 exclusion: downstairs
Lair:1 exclusion: downstairs, Joseph
Lair:2 exclusion: upstairs
Lair:4 exclusions: downstairs and upstairs
Orc:2 Blork the orc


Innate Abilities, Weirdness & Mutations

You are too large for most types of armour.
You have claws for hands.
Your natural rate of healing is unusually fast.
You are covered in fur. (AC +1)
You have tough skin. (AC +1)


Message History

Unknown command.
Unknown command.
You barely miss the naga warrior.
The naga warrior is heavily wounded.
You block the naga warrior's attack.
* * * LOW HITPOINT WARNING * * *
The naga warrior constricts you.
Unknown command.
The naga warrior blocks your attack.
The naga warrior is heavily wounded.
You block the naga warrior's attack.
* * * LOW HITPOINT WARNING * * *
The naga warrior constricts you.
Aiming: Corrosive Bolt
Press: ? - help, Shift-Dir - straight line, f/p - naga warrior
Aim: a naga warrior, wielding a +0 flail, wearing a +0 robe and wearing a +0 kite shield (heavily wounded, constricting you, 77% to hit)
The bolt of acid hits the naga warrior.
The naga warrior is splashed with acid.
The acid corrodes the naga warrior!
The naga warrior is severely wounded.
The naga warrior closely misses you.
* * * LOW HITPOINT WARNING * * *
The naga warrior constricts you.
Aiming: Corrosive Bolt
Press: ? - help, Shift-Dir - straight line, f/p - naga warrior
Aim: a naga warrior, wielding a +0 flail, wearing a +0 robe and wearing a +0 kite shield (severely wounded, constricting you, covered in acid, 77% to hit)
The bolt of acid hits the naga warrior.
The naga warrior is splashed with acid.
The naga warrior is severely wounded.
The naga warrior spits poison at you.
The splash of poison reflects off an invisible shield around you!
The splash of poison hits the naga warrior.
* * * LOW HITPOINT WARNING * * *
The naga warrior constricts you.
Aiming: Corrosive Bolt
Press: ? - help, Shift-Dir - straight line, f/p - naga warrior
Aim: a naga warrior, wielding a +0 flail, wearing a +0 robe and wearing a +0 kite shield (severely wounded, constricting you, catching its breath, covered in acid, 77% to hit)
The bolt of acid hits the naga warrior!
The naga warrior is splashed with acid.
The naga warrior seems to be corroded for longer.
The naga warrior is almost dead.
The naga warrior hits you with a +0 flail!!
You die...

.##....⌠....###......
####.......##.......#
#.⌠...⌠.#........#
#.......##.......
#....⌠....##.....
............##...
...#######...#..#
#...##)# ##.⌠.N@# #.
#..(### ##.N.##.##.#
#..........#
....##......... ..
#......... ..........
....###.... S.....
....


You could see a naga warrior (catching breath, corroded).

Vanquished Creatures
  Rupert (D:15)
  An azure jelly (D:15)
  Nessos (D:12)
  Harold (D:11)
  3 naga warriors
  5 hydras
  A salamander tyrant (Snake:2)
  2 boulder beetles
  Fannar (Lair:1)
  3 centaur warriors
  A catoblepas (D:13)
  An ogre mage (D:15)
  An anaconda (Snake:2)
  6 two-headed ogres
  Erica (Lair:1)
  Sonja (Lair:2)
  Nergalle (Lair:2)
  A naga ritualist (Snake:2)
  2 mana vipers (Snake:2)
  A deep elf pyromancer (D:14)
  3 ugly things
  An orc knight (D:15)
  2 orc sorcerers (Orc:1)
  5 manticores
  5 cyclopes
  5 elephants (Lair:4)
  12 black mambas
  3 salamanders (Snake:2)
  12 cane toads
  3 naga magi (Snake:1)
  2 gargoyles (D:12)
  3 efreet
  2 freezing wraiths (D:15)
  An unseen horror (D:13)
  4 rime drakes
  3 yaktaurs (D:15)
  7 komodo dragons
  8 trolls
  A wind drake (Lair:4)
  5 polar bears
  A hornet (D:10)
  14 blink frogs
  5 slime creatures
  2 shadows
  5 wyverns
  4 wraiths
  36 yaks
  3 basilisks
  3 steam dragons
  Grum (D:8)
  A vampire mosquito (D:13)
  2 wargs (Orc:1)
  Edmund (D:3)
  11 nagas
  2 acid dragons (D:12)
  14 water moccasins
  Duvessa (D:7)
  A sky beast (D:6)
  11 orc warriors
  2 swamp drakes (Lair:6)
  An ice beast (D:7)
  2 black bears
  A necrophage (D:6)
  6 ogres
  11 wolves
  9 centaurs
  A centaur (shapeshifter) (D:13)
  2 phantoms
  A kobold brigand (D:9)
  An elf zombie (Ossuary)
  11 bullfrogs
  4 gnoll sergeants
  Dowan (D:7)
  2 scorpions (D:6)
  A water moccasin zombie (D:7)
  A wyvern skeleton (D:7)
  A hornet simulacrum (D:15)
  A water moccasin skeleton (D:5)
  3 wights (D:8)
  2 howler monkeys
  4 centaur zombies
  A human zombie (Ossuary)
  A gnoll shaman (D:6)
  2 jellies
  A centaur skeleton (D:7)
  14 orc priests
  2 hounds (D:6)
  A bullfrog zombie (D:6)
  3 iguanas
  14 orc wizards
  Natasha (twice) (D:4)
  A hell rat (Lair:5)
  A killer bee zombie (D:7)
  A hound skeleton (D:4)
  2 mummies (Ossuary)
  2 howler monkey zombies
  21 gnolls
  7 adders
  2 howler monkey skeletons
  2 shadow imps
  3 adder zombies (Ossuary)
  4 worms
  A dart slug (D:3)
  45 orcs
  4 bats
  2 endoplasms
  A giant cockroach (D:4)
  12 goblins
  A hobgoblin (D:2)
  10 jackals
  11 kobolds
  2 quokkas (D:2)
  8 ball pythons
  3 frilled lizards
  12 hobgoblin zombies (Ossuary)
  A jackal zombie (Ossuary)
  11 kobold zombies (Ossuary)
  6 orc zombies (Ossuary)
  3 rats (D:2)
528 creatures vanquished.

Vanquished Creatures (others)
  A black mamba (Snake:1)
  An iguana (Lair:6)
  41 fungi
  50 plants
93 creatures vanquished.

Grand Total: 621 creatures vanquished

Notes
Turn   | Place    | Note
-------+----------+-------------------------------------------
     0 | Abyss:1  | Acheron the Troll Abyssal Knight began the quest for the
                  | Orb.
     0 | Abyss:1  | Reached XP level 1. HP: 22/22 MP: 1/1
    27 | D:1      | Escaped the Abyss
   286 | D:1      | Reached XP level 2. HP: 29/29 MP: 2/2
   748 | D:2      | Found a faded altar of an unknown god.
   797 | D:2      | Reached XP level 3. HP: 37/37 MP: 3/3
   829 | D:2      | Found a sacrificial altar of Ru.
  1002 | D:2      | Reached ** piety under Lugonu
  1009 | D:2      | Reached XP level 4. HP: 45/45 MP: 4/4
  1207 | D:3      | Reached skill level 3 in Unarmed Combat
  1306 | D:4      | Noticed a black bear
  1316 | D:4      | Killed a black bear
  1317 | D:4      | Reached XP level 5. HP: 28/53 MP: 5/5
  1379 | D:4      | Reached skill level 4 in Unarmed Combat
  1458 | D:4      | Noticed an ogre
  1470 | D:4      | Killed an ogre
  1471 | D:4      | Reached XP level 6. HP: 15/61 MP: 6/6
  1538 | D:3      | Found an ornate altar of the Wu Jian Council.
  1546 | D:3      | Reached skill level 1 in Stealth
  1696 | D:4      | Found Onuesiul's Lightly-Used Armoury.
  1696 | D:4      | Noticed Edmund
  1697 | D:4      | Noticed Natasha
  1716 | D:3      | Killed Edmund
  1717 | D:3      | Reached skill level 1 in Shields
  1717 | D:3      | Reached skill level 5 in Unarmed Combat
  2110 | D:4      | Killed Natasha
  2111 | D:4      | Reached XP level 7. HP: 43/67 MP: 7/7
  2175 | D:4      | Noticed Natasha
  2180 | D:4      | Killed Natasha
  2190 | D:4      | Got the Reference Book on Darkness and Poison
  2197 | D:4      | Reached *** piety under Lugonu
  2207 | D:4      | Found a transporter.
  2207 | D:4      | Noticed FIQ's ghost (weakling HODe)
  2209 | D:4      | Found a transporter.
  2475 | D:5      | Entered Level 5 of the Dungeon
  2644 | D:5      | Found a radiant altar of Vehumet.
  2891 | D:5      | Identified the +3 chain mail of Context {Harm Slay+3}
  3080 | D:5      | Found a white marble altar of Elyvilon.
  3112 | D:5      | Reached skill level 1 in Throwing
  3581 | D:5      | Found a glowing golden altar of the Shining One.
  3774 | D:6      | Reached skill level 6 in Unarmed Combat
  3774 | D:6      | Reached XP level 8. HP: 52/78 MP: 9/9
  3951 | D:6      | Found a sand-covered staircase.
  3956 | Ossuary  | Entered an ossuary
  4081 | Ossuary  | Reached **** piety under Lugonu
  4114 | Ossuary  | Reached skill level 1 in Evocations
  4374 | D:6      | Found a shimmering altar of Xom.
  4446 | D:6      | Reached skill level 7 in Unarmed Combat
  4541 | D:6      | Found a snail-covered altar of Cheibriados.
  4722 | D:6      | Found a shimmering blue altar of Sif Muna.
  4797 | D:6      | Found a staircase to the Ecumenical Temple.
  5176 | D:7      | Reached XP level 9. HP: 65/84 MP: 10/10
  5387 | D:7      | Learned a level 1 spell: Sandblast
  5540 | D:8      | Reached skill level 8 in Unarmed Combat
  5541 | D:8      | Found Zin's Purification Station.
  5542 | D:8      | Found a glowing silver altar of Zin.
  5594 | D:8      | Found a flagged portal.
  5612 | Bailey   | Entered a bailey
  5811 | D:7      | Noticed Dowan
  5813 | D:7      | Noticed Duvessa
  5829 | D:7      | Killed Duvessa
  5830 | D:7      | Reached skill level 1 in Earth Magic
  5978 | D:7      | Reached ***** piety under Lugonu
  6392 | D:8      | Noticed Grum
  6510 | D:9      | Noticed a troll
  6523 | D:9      | Reached skill level 5 in Dodging
  6585 | D:10     | Entered Level 10 of the Dungeon
  6586 | D:10     | Noticed a sea snake
  6764 | D:9      | Reached skill level 1 in Spellcasting
  6781 | D:9      | Found Kejehilol's Changing Room.
  6815 | D:9      | Bought a potion of lignification for 45 gold pieces
  6877 | D:10     | Noticed a troll
  6890 | D:10     | Killed a troll
  6891 | D:10     | Reached XP level 10. HP: 16/94 MP: 12/12
  7000 | D:9      | Found a sacrificial altar of Ru.
  7160 | D:9      | Reached skill level 9 in Unarmed Combat
  7192 | D:9      | Found a burning altar of Makhleb.
  7294 | D:9      | Found a staircase to the Lair.
  7317 | Lair:1   | Entered Level 1 of the Lair of Beasts
  7517 | Lair:1   | Noticed a black mamba
  7533 | Lair:1   | Killed a black mamba
  7785 | Lair:1   | Reached skill level 1 in Maces & Flails
  8528 | D:10     | Paralysed by a hornet for 2 turns
  8529 | D:10     | Reached XP level 11. HP: 71/101 MP: 13/13
  8639 | D:11     | Noticed a boulder beetle
  8666 | D:10     | Found the +8 glaive of the Guard {elec, spectral, AC+5}
  8694 | D:10     | Reached skill level 5 in Invocations
  8853 | D:10     | Found Fokuf's Distillery.
  8856 | D:10     | Bought a potion of curing for 45 gold pieces
  8856 | D:10     | Bought a potion of curing for 45 gold pieces
  8856 | D:10     | Bought a potion of might for 60 gold pieces
  8856 | D:10     | Bought a potion of might for 60 gold pieces
  8856 | D:10     | Bought a potion of degeneration for 15 gold pieces
  8856 | D:10     | Bought a potion of curing for 45 gold pieces
  8856 | D:10     | Bought a potion of attraction for 45 gold pieces
  8909 | D:10     | Noticed a sea snake
  9035 | D:10     | Reached skill level 10 in Unarmed Combat
  9476 | Lair:1   | Reached skill level 1 in Armour
  9608 | Lair:1   | Noticed Erica
  9608 | Lair:1   | Noticed Fannar
  9629 | Lair:2   | Reached skill level 5 in Fighting
  9741 | Lair:1   | Noticed Joseph
  9782 | Lair:1   | Killed Erica
  9913 | Lair:2   | Noticed a seven-headed hydra
 10335 | D:8      | Reached skill level 5 in Shields
 10521 | D:7      | Killed Dowan
 10713 | D:7      | Identified the +2 robe of the Sun {Rampage rN+}
 10890 | D:8      | Killed Grum
 11710 | Lair:2   | Reached XP level 12. HP: 53/111 MP: 15/15
 11778 | Lair:3   | Found a staircase to the Snake Pit.
 11903 | Lair:3   | Noticed a six-headed hydra
 12451 | Lair:3   | Learned a level 2 spell: Passwall
 12453 | Lair:3   | Learned a level 1 spell: Beastly Appendage
 12580 | Lair:4   | Found a staircase to the Shoals.
 12587 | Shoals:1 | Entered Level 1 of the Shoals
 12624 | Lair:4   | Reached skill level 11 in Unarmed Combat
 12987 | Lair:6   | Entered Level 6 of the Lair of Beasts
 13055 | Lair:6   | Noticed a seven-headed hydra
 13063 | Lair:6   | Noticed a four-headed hydra
 13397 | Lair:3   | Killed a one-headed hydra
 13537 | Lair:2   | Noticed Sonja
 13553 | Lair:2   | Killed Sonja
 13874 | Lair:3   | You fall into a shaft and drop 3 floors!
 13878 | Lair:6   | Reached XP level 13. HP: 100/120 MP: 16/16
 15103 | Snake:1  | Entered Level 1 of the Snake Pit
 15306 | Lair:2   | Noticed Nergalle
 15373 | Lair:2   | Killed Nergalle
 15698 | Lair:1   | Killed Fannar
 16213 | D:12     | Reached skill level 5 in Throwing
 16325 | D:11     | Noticed Harold
 16347 | D:11     | Killed Harold
 16372 | D:11     | Identified the +10 falchion "Larok" {vorpal, Str+2}
 16689 | D:13     | Found Fattoer's Jewellery Emporium.
 17106 | D:12     | Noticed Nessos
 17311 | D:13     | Reached skill level 1 in Long Blades
 17654 | D:13     | Found Zeulluorr's Distillery.
 17656 | D:13     | Found Zeuzxoq's Antique Armour Boutique.
 17656 | D:13     | Found Ruwkynor's Assorted Antiques.
 17660 | D:13     | Reached ****** piety under Lugonu
 17661 | D:13     | Found Fual's Antique Weapon Boutique.
 17661 | D:13     | Found Ysiugu's General Store.
 17670 | D:13     | Bought a scroll labelled MUK DITEECAGA for 30 gold pieces
 18146 | D:13     | Reached skill level 5 in Earth Magic
 18244 | D:13     | HP: 5/122 [cyan ugly thing (16)]
 18776 | D:14     | Found a shadowy altar of Dithmenos.
 18947 | D:15     | Entered Level 15 of the Dungeon
 19235 | D:15     | Noticed Rupert
 19236 | D:15     | Reached XP level 14. HP: 131/131 MP: 18/18
 19254 | D:15     | Paralysed by Rupert for 3 turns
 19263 | D:15     | Killed Rupert
 19264 | D:15     | Reached skill level 12 in Unarmed Combat
 19264 | D:15     | Reached skill level 1 in Transmutations
 19456 | D:15     | Found a sacrificial altar of Ru.
 19705 | D:15     | Identified a scroll of acquirement
 19706 | D:15     | Acquired a scarf of resistance
 19741 | D:15     | Noticed an azure jelly
 19765 | D:15     | Killed an azure jelly
 20025 | D:15     | Identified the +1 plate armour of Adoivupt {rElec rC- Int+2
                  | Slay+3}
 20743 | D:12     | Killed Nessos
 20809 | D:12     | Found a staircase to the Orcish Mines.
 21078 | Orc:1    | Entered Level 1 of the Orcish Mines
 21115 | Orc:1    | Paralysed by an orc sorcerer for 7 turns
 21492 | D:13     | Learned a level 2 spell: Wereblood
 21741 | D:13     | Bought the ring "Feclug" {rF+ Will+ rCorr} for 669 gold
                  | pieces
 21908 | Orc:2    | Entered Level 2 of the Orcish Mines
 22091 | Orc:2    | Noticed Blork the orc
 23520 | Snake:2  | Reached XP level 15. HP: 41/140 MP: 5/19
 23965 | Snake:1  | Mangled by a naga warrior

Illustrated notes

Levels and vault maps discovered:
D:1:      dpeg_arrival_ratfight, layout_basic, serial_forest,
          infiniplex_forest_side_room, infiniplex_forest_lined_2,
          infiniplex_forest_clump_curved, infiniplex_forest_clump_curved,
          infiniplex_forest_clump_curved, infiniplex_forest_end_double,
          infiniplex_forest_lined_2
D:2:      layout_rooms, basic_altar, dreamdust_ecumenical_altar_statues,
          nicolae_underground_beach
D:3:      layout_basic, nicolae_wu_jian_wuxing_cycle, minmay_distorted
D:4:      layout_rooms, gammafunk_ghost_arena, minmay_misc_feat_encased,
          minmay_shop_damaged, grunt_decor_one_mirror, uniq_edmund, uniq_natasha
D:5:      layout_basic, nicolae_tso_carved_into_rock, serial_rivers,
          chequers_serial_rivers_small_3, chequers_serial_rivers_small_3,
          chequers_serial_rivers_marsh, chequers_serial_rivers_small_b,
          chequers_serial_rivers_micro_c, hangedman_feature_mirror
D:6:      layout_basic, lemuel_coloured_pillars_altar,
          mainiacjoe_overflow_alcove_1, mainiacjoe_overflow_catwalk,
          temple_doors_e, enter_ossuary_2
D:7:      layout_loops_corners, chequers_avenue, uniq_duvessa
D:8:      layout_basic, zin_purify, enter_bailey_3, uniq_grum
D:9:      layout_roguey, mainiacjoe_overflow_small_starburst, bloody_makhleb,
          dpeg_oklobed_lair, nicolae_transmutations_shop
D:10:     layout_roguey, serial_aquarium, aquarium_bridge_long_separate
          [aquarium_subvault_window, aquarium_subvault_bridge,
          aquarium_subvault_bridge, aquarium_subvault_balcony,
          aquarium_subvault_bridge, aquarium_subvault_window],
          aquarium_bridge_square [aquarium_subvault_wall,
          aquarium_subvault_bridge, aquarium_subvault_wall,
          aquarium_subvault_wall], aquarium_window_1, aquarium_window_1,
          aquarium_window_fake, aquarium_view_2c, aquarium_view_2e,
          serial_shops, nicolae_shop_behind_doors
D:11:     layout_small_grid, minmay_strange_pillars, minmay_statues_item,
          uniq_harold
D:12:     layout_loops_ring, erik_orc_4, special_room [special_room_orc],
          uniq_nessos
D:13:     layout_long_grid, serial_shops, shop, nicolae_wooded_promenade,
          roderic_lattice_a, nicolae_two_hexagons, minmay_circle_x
D:14:     layout_grid_maze, david_vaults_4, minmay_misc_feat_rows,
          grunt_dithmenos_smoke
D:15:     grunt_enter_depths_hoard, layout_rooms,
          nicolae_ru_the_path_less_chosen, portal_ice_cave_entry_frozen_things,
          uniq_rupert
Lair:1:   layout_chaotic_city, fungi_pond_lemuel, uniq_erica, uniq_fannar,
          uniq_joseph
Lair:2:   layout_roguey, uniq_nergalle, uniq_sonja
Lair:3:   layout_chaotic_city, dummy_snake_entry, wad_woods_road_05,
          infiniplex_staircase_pool_2, grunt_megastairs_2
Lair:4:   layout_roguey, minmay_shoals_entry_beasts, grunt_megastairs_1
Lair:5:   layout_cave_shapes
Lair:6:   wormcave, layout_misc_corridors, guppyfry_lair_end_dragon,
          slime_altar_1, kennysheep_abandoned_house, uniq_kirke
Shoals:1: nicolae_shoals_mermall, layout_shoals, serial_shops,
          nicolae_shop_stone, uniq_jorgrun
Snake:1:  layout_grid_shapes, serial_shops, shop, grunt_megastairs_4, uniq_agnes
Snake:2:  layout_layer_cave, serial_shops, shop
Orc:1:    layout_caves
Orc:2:    grunt_orc_cross, layout_caves, nicolae_volcano_entry_two_sided,
          mines2_david, uniq_erolcha

Skill      XL: |  1  2  3  4  5  6  7  8  9 10 11 12 13 14 15 |
---------------+----------------------------------------------+-----
Dodging        | 2 3 4 5 6 7 |  7.7
Fighting       | 3 4 5 6 7 |  7.1
Unarmed Combat | 3 4 5 6 7 8 9 10 11 12 | 12.9
Invocations    | 2 3 4 5 6 7 8 |  8.0
Stealth        | 1 2 3 4 |  4.5
Shields        | 1 2 3 5 7 8 9 |  9.0
Throwing       | 1 2 3 4 5 6 |  6.2
Evocations     | 1 2 3 |  3.5
Earth Magic    | 1 2 4 5 |  5.8
Spellcasting   | 1 2 3 |  3.9
Maces & Flails | 2 |  2.8
Armour         | 2 3 |  3.5
Long Blades    | 1 |  1.7
Transmutations | 3 |  3.1

Action                   |  1- 3 |  4- 6 |  7- 9 | 10-12 | 13-15 || total
-------------------------+-------+-------+-------+-------+-------++-------
Melee: Unarmed           |    89 |   106 |   426 |   781 |   878 ||  2280
       Punch             |     1 |     1 |    18 |     2 |       ||    22
       Scimitar          |       |       |       |    14 |    33 ||    47
Throw: Dart              |       |     6 |     4 |     5 |    14 ||    29
       Large rock        |       |       |       |    32 |    65 ||    97
       Stone             |       |       |       |     2 |       ||     2
 Cast: Sandblast         |       |       |       |     2 |       ||     2
       Beastly Appendage |       |       |       |       |     3 ||     3
Invok: Banish            |       |       |       |     5 |     3 ||     8
       Bend Space        |       |       |       |       |     5 ||     5
Evoke: Wand              |       |       |       |     7 |     6 ||    13
       Condenser vane    |       |       |       |       |     2 ||     2
  Use: Scroll            |     3 |     5 |    15 |    13 |     5 ||    41
       Potion            |       |     1 |     4 |     8 |     7 ||    20
 Stab: Sleeping          |       |       |     2 |     2 |     2 ||     6
       Paralysed         |       |       |       |     3 |       ||     3
       Distracted        |       |       |       |     2 |     1 ||     3
Armor: Robe              |    32 |    38 |    96 |     1 |       ||   167
       Steam dragon scal |       |       |       |   116 |    28 ||   144
       Acid dragon scale |       |       |       |       |    95 ||    95
Dodge: Dodged            |    36 |    37 |   175 |   210 |   228 ||   686
Block: Other             |    15 |    23 |    96 |     2 |       ||   136
       Reflection        |       |       |     2 |     7 |    65 ||    74
       Kite shield       |       |       |       |   609 |   830 ||  1439
       Rpst.: Scimitar   |       |       |       |       |     2 ||     2
